 Dungeon Crawl Stone Soup version 0.25.1-2-g60ff931df9 (webtiles) character file.

Game seed: 15088921400888896299

152 growler the Cudgeler (level 5, -5/38 HPs)
             Began as a Human Wanderer on Oct 8, 2020.
             Slain by an orc
             ... wielding a +0 flail
              (8 damage)
             ... on level 3 of the Dungeon.
             The game lasted 00:05:10 (4114 turns).

growler the Cudgeler (Human Wanderer)               Turns: 4114, Time: 00:05:11

Health: -5/38      AC:  2    Str:  9    XL:     5   Next: 60%
Magic:  6/6        EV: 11    Int: 17    God:
Gold:   140        SH:  0    Dex: 12    Spells: 4/4 levels left

rFire    . . .     SeeInvis .   a - +2 mace
rCold    . . .     Gourm    .   (no shield)
rNeg     . . .     Faith    .   d - +0 robe
rPois    +         Spirit   .   (no helmet)
rElec    .         Reflect  .   (no cloak)
rCorr    .         Harm     .   (no gloves)
MR       .....                  (no boots)
Stlth    +.........             (no amulet)
HPRegen  0.12/turn              i - ring of poison resistance
MPRegen  0.10/turn              (no ring)

@: brilliant, lightly drained
A: no striking features
a: no special abilities


You were on level 3 of the Dungeon.
You were not hungry.

You visited 1 branch of the dungeon, and saw 3 of its levels.

You collected 140 gold pieces.

Inventory:

Hand Weapons
 a - a +2 mace (weapon)
 b - a +0 hand axe
Armour
 d - a +0 robe (worn)
 q - a +0 helmet
   (You took it off Robin on level 2 of the Dungeon)
Jewellery
 i - a ring of poison resistance (left hand)
   (You found it on level 1 of the Dungeon)
 j - a cursed amulet of inaccuracy {unknown}
   (You found it on level 1 of the Dungeon)
Wands
 t - a wand of flame (19)
   (You took it off Robin on level 2 of the Dungeon)
Scrolls
 g - a scroll of amnesia {unknown}
 h - a scroll of random uselessness {unknown}
 n - a scroll of remove curse {unknown}
 o - a scroll of teleportation {unknown}
 r - a scroll of enchant armour {unknown}
 s - a scroll of identify {unknown}
 u - a scroll of immolation {unknown}
Potions
 f - a potion of cancellation {unknown}
 k - a potion of brilliance
 l - 2 potions of flight {unknown}
 m - a potion of haste {unknown}
 p - a potion of heal wounds {unknown}
Comestibles
 e - 5 rations {!d}
 v - 2 chunks of flesh


   Skills:
 - Level 2.0(1.5) Fighting
 + Level 5.4(5.0) Maces & Flails
   Level 1.0(3.0) Staves
 - Level 2.0(1.5) Armour
 - Level 1.0(0.6) Dodging
 - Level 2.0(1.5) Evocations


You had 4 spell levels left.
You didn't know any spells.
Your spell library was empty.

Dungeon Overview and Level Annotations

Branches:
Dungeon (3/15)

Altars:
Ashenzari
Hepliaklqana
Trog
Xom
Zin


Message History

The orc wizard casts a spell at you. You resist with some effort.
The bat barely misses you.
You miss the bat. The bat hits you. The orc barely misses you.
You closely miss the orc. The orc barely misses you. The bat misses you.
You completely miss the bat. The bat barely misses you.
The orc hits you with a +0 short sword. The orc misses you.
You closely miss the orc. The bat hits you. x2
You closely miss the bat. The bat closely misses you.
The bat hits you but does no damage. The orc barely misses you.
You hit the bat.
You kill the bat!
The orc barely misses you.
You hit the orc. The orc hits you with a +0 short sword.
You closely miss the orc.
The orc hits you with a +0 short sword. x2
You thump the orc!
You kill the orc!
The orc wizard hits you but does no damage.
You barely miss the orc wizard.
The orc wizard hits you with a cursed +0 dagger.
* * * LOW HITPOINT WARNING * * *
You sock the orc wizard!
The orc wizard casts a spell.
The orc wizard blinks!
You are too injured to fight recklessly!
An orc comes into view. It is wielding a +0 flail.
You see here a bat corpse.
The orc shouts!
You hit the orc wizard but do no damage.
The orc wizard hits you with a cursed +0 dagger.
* * * LOW HITPOINT WARNING * * *
The orc wizard hits you with a cursed +0 dagger.
* * * LOW HITPOINT WARNING * * *
You hit the orc wizard but do no damage.
The orc wizard barely misses you.
You hit the orc wizard. The orc hits you with a +0 flail!
* * * LOW HITPOINT WARNING * * *
The orc wizard barely misses you.
You feel better. The orc barely misses you.
The orc wizard hits you but does no damage.
You sock the orc wizard!
You kill the orc wizard!
The orc hits you with a +0 flail!
* * * LOW HITPOINT WARNING * * *
It was a potion of brilliance.
You feel clever all of a sudden. The orc barely misses you.
Okay, then.
Aim: an orc, wielding a +0 flail The puff of flame hits the orc.
The orc hits you with a +0 flail!
You die...

##.....#.....##
##.............#
#...............
#...............
#...............
#...............
#<......).%.....
#.....)@o.....#
##.....#......#
##..###..###..
#####..## #..#
##.....###....#
#..###....>.#.#
#....).....##..
######(##### #.
#..#


You could see an orc.

Vanquished Creatures
  An orc wizard (D:3)
  Robin (D:2)
  2 adders (D:2)
  3 oozes
  A dart slug (D:1)
  2 leopard geckos
  An orc (D:3)
  A ball python (D:2)
  5 bats
  3 giant cockroaches
  16 goblins
  7 hobgoblins
  8 jackals (D:1)
  9 kobolds
  A quokka (D:2)
  5 frilled lizards (D:1)
  7 rats
73 creatures vanquished.

Notes
Turn   | Place    | Note
-------+----------+-------------------------------------------
     0 | D:1      | growler the Human Wanderer began the quest for the Orb.
     0 | D:1      | growler set off with the following items: a +2 mace, a +0
                  | hand axe, a potion of curing {@q1}, a +0 robe, a ration
                  | {!d}
     0 | D:1      | Reached XP level 1. HP: 16/16 MP: 2/2
   156 | D:1      | Reached XP level 2. HP: 17/22 MP: 3/3
   270 | D:1      | Reached skill level 3 in Maces & Flails
   770 | D:1      | Reached XP level 3. HP: 19/27 MP: 4/4
  1869 | D:2      | Found a bloodstained altar of Trog.
  1884 | D:1      | Reached skill level 4 in Maces & Flails
  1884 | D:1      | Reached XP level 4. HP: 6/33 MP: 5/5
  2339 | D:2      | Found a glowing silver altar of Zin.
  2465 | D:2      | Found a shimmering altar of Xom.
  2466 | D:2      | Found a hazy altar of Hepliaklqana.
  2467 | D:2      | Noticed a spectral ugly thing
  3185 | D:3      | Noticed Robin
  3738 | D:2      | Reached XP level 5. HP: 21/38 MP: 6/6
  3896 | D:2      | Killed Robin
  3896 | D:2      | Reached skill level 5 in Maces & Flails
  4026 | D:3      | Found a shattered altar of Ashenzari.
  4114 | D:3      | Slain by an orc

Illustrated notes

Levels and vault maps discovered:
D:1:      heliophobic_arrival_dark_side_of_the_moon, layout_loops_corners
D:2:      layout_rooms, regret_index_temple_of_mockery, lemuel_crystal_altar,
          bloody_trog
D:3:      layout_rooms, nemelex_altar_shiori, old_standard_altar, uniq_natasha,
          uniq_robin

Skill      XL: |  1  2  3  4  5 |
---------------+----------------+-----
Maces & Flails | 3 4 5 |  5.4
Fighting       | |  2.0
Staves         | |  1.0
Armour         | |  2.0
Dodging        | |  1.0
Evocations     | |  2.0

Action                   |  1- 3 |  4- 6 || total
-------------------------+-------+-------++-------
Melee: Mace              |   107 |   140 ||   247
Evoke: Wand              |       |     1 ||     1
  Use: Potion            |       |     3 ||     3
 Stab: Sleeping          |     1 |       ||     1
  Eat: Chunk             |     3 |     7 ||    10
Armor: Robe              |    26 |    29 ||    55
Dodge: Dodged            |    73 |   120 ||   193
